 Dungeon Crawl Stone Soup version 0.22.0-32-gbc6daba (webtiles) character file.

27503 nikopol the Eclecticist (level 13, -7/68 HPs)
             Began as a Deep Elf Fire Elementalist on Aug 17, 2018.
             Was a High Priest of Vehumet.
             Killed by divine providence
             ... invoked by a meliai
              (15 damage)
             ... on level 4 of the Lair of Beasts on Aug 23, 2018.
             The game lasted 01:01:57 (15973 turns).

nikopol the Eclecticist (DEFE)                     Turns: 15973, Time: 01:01:57

Health: -7/68      AC:  3    Str:  5    XL:     13   Next: 4%
Magic:  7/34       EV: 17    Int: 26    God:    Vehumet [*****.]
Gold:   272        SH:  7    Dex: 23    Spells: 20/42 levels left

rFire    + . .     SeeInvis +   L - +2 flail of Untruth {crush, *Drain rElec Dex+8} (curse)
rCold    x . .     Gourm    .   i - +1 buckler
rNeg     . . .     Faith    .   K - +0 robe {MR+}
rPois    .         Spirit   .   S - +1 hat {MR+}
rElec    +         Reflect  .   (no cloak)
rCorr    .         Harm     .   (no gloves)
MR       +++..                  (no boots)
Stlth    +++.......             (no amulet)
HPRegen  0.21/turn              H - ring of see invisible
MPRegen  0.24/turn              a - ring of fire

@: lethally poisoned (-7 -> -13), very slightly contaminated
A: no striking features
a: Renounce Religion


You were on level 4 of the Lair of Beasts.
You worshipped Vehumet.
Vehumet was extremely pleased with you.
You were not hungry.

You visited 3 branches of the dungeon, and saw 13 of its levels.
You also visited: Ossuary.

You collected 576 gold pieces.
You spent 304 gold pieces at shops.

Inventory:

Hand Weapons
 b - a +0 dagger
 L - the cursed +2 flail of Untruth (weapon) {crush, *Drain rElec Dex+8}
   (You found it on level 3 of the Lair of Beasts)

   It inflicts extra damage upon your enemies.
   It affects your dexterity (+8).
   It insulates you from electricity.
   It causes draining when unequipped.
   It has a curse placed upon it.
 N - a +1 falchion of holy wrath
Armour
 i - a +1 buckler (worn)
 D - the +0 cloak of Daozeisto {+Fly Str+2 Stlth-}
   (You found it on level 2 of the Lair of Beasts)

   It affects your strength (+2).
   It lets you fly.
   It makes you less stealthy.
 K - a +0 robe of magic resistance (worn)
 P - the +1 helmet of the Pirate {rElec}
   (You bought it in a shop on level 8 of the Dungeon)

   It insulates you from electricity.
 S - a +1 hat of magic resistance (worn)
Jewellery
 a - a ring of fire (right hand)
 m - a +1 ring of evasion
 o - an uncursed ring of stealth
 y - an uncursed ring of protection from magic
 H - a ring of see invisible (left hand)
Wands
 u - a wand of flame (9)
 J - a wand of enslavement (18)
 M - a wand of polymorph (14)
 R - a wand of paralysis (16)
Scrolls
 e - a scroll of enchant weapon
 f - 5 scrolls of noise
 g - 10 scrolls of remove curse
 l - 7 scrolls of fear
 n - 3 scrolls of fog
 p - 2 scrolls of vulnerability {unknown}
 s - a scroll of enchant armour
 t - 2 scrolls of magic mapping
 v - 4 scrolls of amnesia
 C - a scroll of torment {unknown}
 F - 2 scrolls of blinking {unknown}
 G - 3 scrolls of immolation {unknown}
 I - a scroll of brand weapon {unknown}
 T - 2 scrolls of identify
Potions
 h - 3 potions of haste
 j - 4 potions of mutation
 k - 5 potions of agility
 q - a potion of flight
 r - 4 potions of brilliance
 x - a potion of might
 z - a potion of berserk rage
 A - 4 potions of magic
 B - a potion of lignification
 E - 3 potions of curing
Comestibles
 c - 28 rations
 d - 2 chunks of flesh


   Skills:
 + Level 2.6 Fighting
 + Level 1.1(2.1) Short Blades
 + Level 2.5(2.6) Long Blades
 + Level 6.0 Dodging
 + Level 5.1 Stealth
 + Level 5.4 Shields
 + Level 15.4 Spellcasting
 + Level 11.8 Conjurations
 + Level 0.3 Necromancy
 + Level 0.4 Translocations
 + Level 12.5 Fire Magic


You had 20 spell levels left.
You knew the following spells:

 Your Spells              Type           Power        Failure   Level  Hunger
a - Flame Tongue          Conj/Fire      #####        0%          1    None
b - Throw Flame           Conj/Fire      ######       1%          2    None
c - Conjure Flame         Conj/Fire      #######.     1%          3    None
d - Sticky Flame          Conj/Fire      #######.     1%          4    None
e - Fireball              Conj/Fire      #######...   1%          5    None
f - Bolt of Draining      Conj/Necr      ######....   1%          5    None
g - Blink                 Tloc           N/A          3%          2    None

Your spell library contained the following spells:

 Spells                   Type           Power        Failure   Level  Hunger
 Yara's Violent Unravell  Hex/Tmut       ###.......   19%         5    None
 Magic Dart               Conj           ####         0%          1    None
 Inner Flame              Hex/Fire       ######..     1%          3    None
 Mephitic Cloud           Conj/Pois/Air  #####...     1%          3    None
 Beastly Appendage        Tmut           ###...       2%          1    None
 Summon Small Mammal      Summ           ###.         2%          1    None
 Call Imp                 Summ           ###.....     4%          2    None
 Slow                     Hex            ###.....     4%          2    None
 Sticks to Snakes         Tmut           ###.....     4%          2    None
 Call Canine Familiar     Summ           ###.....     8%          3    None
 Spider Form              Tmut/Pois      ###.......   8%          3    None
 Summon Guardian Golem    Hex/Summ       ###.....     8%          3    None
 Ice Form                 Ice/Tmut       ###.....     26%         4    None
 Summon Ice Beast         Ice/Summ       ###.....     26%         4    None
 Summon Lightning Spire   Summ/Air       ###.....     26%         4    None
 Blade Hands              Tmut           ###.......   58%         5    None


Dungeon Overview and Level Annotations

Branches:
Dungeon (8/15)             Temple (1/1) D:5            Lair (4/6) D:8
 Shoals (0/4) Lair:4        Snake (0/4) Lair:3

Altars:
Ashenzari
Dithmenos
Hepliaklqana
Makhleb
Nemelex Xobeh
Okawaru
Qazlal
Vehumet
Wu Jian
Xom
Yredelemnul
Zin
The Shining One

Shops:
D:8 %[(=

Annotations:
D:3 2 transporters, Gravenous's ghost, amateur TrAM
Lair:3 1 runed door, Xatoahy's ghost, journeyman TrMo


Message History

The meliai misses you. The meliai barely misses you.
You block the meliai's attack. The meliai stings you.
* * * LOW HITPOINT WARNING * * *
You are poisoned.
The meliai poisons you! The meliai barely misses you.
The meliai closely misses you.
You flicker for a moment.
* * * LOW HITPOINT WARNING * * *
You feel sick.
You feel sick.
You feel sick.
* * * LOW HITPOINT WARNING * * *
You feel sick.
You feel sick.
You flicker back into view.
You feel sick.
You feel sick.
The meliai invokes the aid of its god against you.
Something smites you!
You die...

...###.#.#.#(..#.........#
...#.....y....#...##..P..##
≈≈≈≈.#...###..##..######..#
≈≈≈≈..##.##...##..###.#...#
##≈≈≈.PP...#.y........##.##
.##≈≈....#....#.##..#.##.P#
†.#≈≈.....[......###.....##
..'......###..#..####.##.#
..#≈≈.P..# #...#@..##..#.#
.##≈≈##..###..##..##..#..##
##≈≈≈.#.P.##..##.####.#...#
≈≈≈≈...........#.# #..#P.##
≈≈≈###...#....#..# #..#...#
##≈ ##.##.#..##.####..#.##
## #.....#P.#..#.##..P.#
##..P.#.............##
#........#........#.##


You could see a meliai.

Vanquished Creatures
  Gastronok (Lair:3)
  4 hydras
  6 death yaks
  An unseen horror (D:8)
  Pikel (D:7)
  An ugly thing (D:7)
  5 black mambas
  3 spiny frogs
  A rime drake (Lair:2)
  3 komodo dragons
  2 meliai (Lair:4)
  11 blink frogs
  A slime creature (Lair:4)
  A snapping turtle (Lair:4)
  4 hippogriffs
  2 wyverns (Lair:4)
  17 yaks
  A basilisk (D:8)
  A hungry ghost (D:7)
  10 porcupines
  10 water moccasins
  3 sky beasts
  4 ogres
  2 ice beasts
  A phantom (D:4)
  A slave (D:6)
  4 centaurs
  15 crocodiles
  9 bullfrogs
  5 scorpions
  23 killer bees
  A water moccasin skeleton (D:5)
  2 electric eels
  8 wights
  2 crimson imps
  12 jellies
  4 orc priests
  A centaur skeleton (D:6)
  A hound (D:4)
  6 orc wizards
  2 iguanas
  Ijyb (D:4)
  4 worker ants
  2 hell rats (Lair:1)
  12 mummies (Ossuary)
  2 worker ant zombies
  4 gnolls (D:6)
  18 adders
  10 river rats (Lair:1)
  2 shadow imps
  12 oozes
  3 adder skeletons
  2 dart slugs (D:1)
  5 leopard geckos
  13 orcs
  3 giant cockroaches
  14 goblins
  2 hobgoblins (D:3)
  11 jackals
  5 quokkas
  4 ball pythons
  4 bats
  5 frilled lizards
  3 gnoll skeletons (Ossuary)
  4 goblin skeletons (Ossuary)
  2 kobolds (D:1)
  A kobold skeleton (Ossuary)
  A leopard gecko zombie (D:7)
  A quokka skeleton (D:4)
  7 rats
  11 rat skeletons (Ossuary)
  A bush (D:8)
  2 fungi
  5 plants
368 creatures vanquished.

Vanquished Creatures (others)
  A quokka (D:7)
  A bush (D:8)
  23 fungi
  20 plants
45 creatures vanquished.

Grand Total: 413 creatures vanquished

Notes
Turn   | Place    | Note
-------+----------+-------------------------------------------
     0 | D:1      | nikopol the Deep Elf Fire Elementalist began the quest for the Orb.
     0 | D:1      | Reached XP level 1. HP: 10/10 MP: 6/6
   361 | D:1      | Reached XP level 2. HP: 10/15 MP: 1/8
  1065 | D:2      | Reached XP level 3. HP: 18/19 MP: 6/9
  1069 | D:2      | Learned a level 2 spell: Throw Flame
  1073 | D:2      | Learned a level 3 spell: Conjure Flame
  1547 | D:3      | Noticed Gravenous's ghost (amateur TrAM)
  1549 | D:3      | Found a transporter.
  1567 | D:3      | Found a transporter.
  1875 | D:3      | Reached skill level 1 in Shields
  2187 | D:4      | Reached skill level 4 in Spellcasting
  2187 | D:4      | Reached XP level 4. HP: 10/24 MP: 3/12
  2417 | D:4      | Noticed a phantom
  2435 | D:4      | Killed a phantom
  2435 | D:4      | Reached XP level 5. HP: 28/28 MP: 3/14
  2512 | D:4      | Learned a level 4 spell: Sticky Flame
  2540 | D:4      | Reached skill level 5 in Spellcasting
  2544 | D:4      | Reached skill level 5 in Fire Magic
  2746 | D:4      | Reached XP level 6. HP: 32/32 MP: 11/15
  2912 | D:4      | Noticed Ijyb
  2937 | D:4      | Killed Ijyb
  3509 | D:5      | Entered Level 5 of the Dungeon
  4037 | D:5      | Found a staircase to the Ecumenical Temple.
  4042 | Temple   | Entered the Ecumenical Temple
  4137 | Temple   | Became a worshipper of Vehumet
  4293 | D:5      | Reached skill level 6 in Spellcasting
  4366 | D:5      | Learned a level 5 spell: Fireball
  4382 | D:5      | Reached XP level 7. HP: 21/36 MP: 8/18
  5330 | D:6      | Reached XP level 8. HP: 32/42 MP: 10/20
  5510 | D:6      | Reached skill level 7 in Spellcasting
  5708 | D:6      | Reached * piety under Vehumet
  5708 | D:6      | Offered knowledge of Shock by Vehumet.
  5888 | D:7      | Found a sand-covered staircase.
  5896 | Ossuary  | Entered an ossuary
  6452 | Ossuary  | Reached ** piety under Vehumet
  6452 | Ossuary  | Offered knowledge of Sting by Vehumet.
  6633 | D:7      | Reached skill level 8 in Spellcasting
  7286 | D:7      | Got a pitted spear
  7289 | D:7      | Identified the +8 spear of Ryseoneh {venom, +Inv Int-2 Dex+4} (You found it on level 7 of the Dungeon)
  7399 | D:7      | Noticed Pikel
  7420 | D:7      | Killed Pikel
  7420 | D:7      | Reached skill level 5 in Conjurations
  7420 | D:7      | Reached XP level 9. HP: 46/46 MP: 11/23
  7620 | D:7      | Reached skill level 9 in Spellcasting
  7627 | D:7      | Reached skill level 1 in Short Blades
  8107 | D:7      | Noticed a green ugly thing
  8113 | D:7      | Killed a green ugly thing
  8117 | D:7      | Learned a level 2 spell: Blink
  8279 | D:8      | Reached skill level 1 in Fighting
  8279 | D:8      | Reached skill level 1 in Long Blades
  8355 | D:8      | Found a shimmering altar of Xom.
  8359 | D:8      | Found Tiadd's Food Boutique.
  8510 | D:8      | Reached skill level 10 in Spellcasting
  8768 | D:8      | Reached XP level 10. HP: 41/52 MP: 5/26
  8910 | D:8      | Offered knowledge of Ignite Poison by Vehumet.
  9157 | D:8      | Found a staircase to the Lair.
  9170 | D:8      | Reached *** piety under Vehumet
  9170 | D:8      | Reached skill level 11 in Spellcasting
  9337 | D:8      | Found Pasid's Antique Armour Boutique.
  9349 | D:8      | Bought a steaming helmet for 304 gold pieces
  9359 | D:8      | Identified the +1 helmet of the Pirate {rElec} (You bought it in a shop on level 8 of the Dungeon)
  9374 | D:8      | Noticed an unseen horror
  9380 | D:8      | Killed an unseen horror
  9446 | D:8      | Found Qugu's Weapon Boutique.
  9452 | D:8      | Found Usolan's Jewellery Shoppe.
  9558 | D:8      | Found a basalt altar of Yredelemnul.
  9756 | Lair:1   | Entered Level 1 of the Lair of Beasts
  9808 | Lair:1   | Noticed a five-headed hydra
  9823 | Lair:1   | Killed a five-headed hydra
  9823 | Lair:1   | Reached skill level 5 in Dodging
  9823 | Lair:1   | Reached skill level 5 in Shields
  9823 | Lair:1   | Reached skill level 12 in Spellcasting
  9845 | Lair:1   | Noticed a black mamba
  9895 | Lair:1   | Noticed a spiny frog
  9989 | Lair:1   | Killed a spiny frog
 10142 | Lair:1   | Killed a black mamba
 10142 | Lair:1   | Reached XP level 11. HP: 19/56 MP: 23/29
 10611 | Lair:1   | Offered knowledge of Airstrike by Vehumet.
 10715 | Lair:1   | Noticed a seven-headed hydra
 10720 | Lair:1   | Killed a seven-headed hydra
 10720 | Lair:1   | Reached skill level 10 in Fire Magic
 11404 | Lair:2   | Noticed an eight-headed hydra
 11417 | Lair:2   | Reached skill level 13 in Spellcasting
 11423 | Lair:2   | Reached **** piety under Vehumet
 11541 | Lair:2   | Offered knowledge of Bolt of Draining by Vehumet.
 11674 | Lair:2   | Killed an eight-headed hydra
 11679 | Lair:2   | Got a warped cloak
 11711 | Lair:2   | Identified the +0 cloak of Daozeisto {+Fly Str+2 Stlth-} (You found it on level 2 of the Lair of Beasts)
 12562 | Lair:3   | Reached skill level 14 in Spellcasting
 12689 | Lair:2   | Upgraded the game from 0.22.0-13-g43fe8f2 to 0.22.0-32-gbc6daba
 12961 | Lair:2   | Learned a level 5 spell: Bolt of Draining
 13034 | Lair:3   | Found a staircase to the Snake Pit.
 13038 | Lair:3   | Noticed Gastronok
 13230 | Lair:3   | Killed Gastronok
 13230 | Lair:3   | Reached skill level 10 in Conjurations
 13230 | Lair:3   | Reached XP level 12. HP: 62/62 MP: 3/32
 14039 | Lair:3   | Noticed a death yak
 14040 | Lair:3   | Noticed a death yak
 14040 | Lair:3   | Noticed a death yak
 14040 | Lair:3   | Noticed a death yak
 14040 | Lair:3   | Noticed a death yak
 14045 | Lair:3   | Noticed a death yak
 14054 | Lair:3   | Killed a death yak
 14299 | Lair:3   | Found a runed door.
 14299 | Lair:3   | Noticed Xatoahy's ghost (journeyman TrMo)
 14311 | Lair:3   | Got a bloodstained flail
 14312 | Lair:3   | Identified the cursed +2 flail of Untruth {crush, *Drain rElec Dex+8} (You found it on level 3 of the Lair of Beasts)
 14495 | Lair:3   | Killed a death yak
 14496 | Lair:3   | Killed a death yak
 14497 | Lair:3   | Killed a death yak
 14525 | Lair:2   | Killed a death yak
 14768 | Lair:3   | Killed a death yak
 14768 | Lair:3   | Reached skill level 5 in Stealth
 15238 | Lair:4   | Noticed a five-headed hydra
 15241 | Lair:4   | Killed a five-headed hydra
 15245 | Lair:4   | Reached skill level 15 in Spellcasting
 15584 | Lair:4   | Reached ***** piety under Vehumet
 15593 | Lair:4   | Offered knowledge of Yara's Violent Unravelling by Vehumet.
 15711 | Lair:4   | Found a staircase to the Shoals.
 15938 | Lair:4   | Reached XP level 13. HP: 63/68 MP: 14/34
 15973 | Lair:4   | Killed from afar by a meliai

Skill      XL: |  1  2  3  4  5  6  7  8  9 10 11 12 |
---------------+-------------------------------------+-----
Fire Magic     | 4 5 6 7 8 9 11 12 | 12.5
Shields        | 1 2 3 4 5 |  5.4
Spellcasting   | 4 5 6 8 10 12 14 15 | 15.4
Stealth        | 3 4 5 |  5.1
Conjurations   | 2 3 4 5 6 8 10 11 | 11.8
Dodging        | 3 4 5 6 |  6.0
Short Blades   | 1 |  1.1
Fighting       | 1 2 |  2.6
Long Blades    | 1 2 |  2.5
Necromancy     | |  0.3
Translocations | |  0.4

Action                   |  1- 3 |  4- 6 |  7- 9 | 10-12 | 13-15 || total
-------------------------+-------+-------+-------+-------+-------++-------
Melee: Dagger            |       |     1 |    30 |       |       ||    31
       Falchion          |       |       |    30 |       |       ||    30
 Cast: Flame Tongue      |    84 |    89 |   271 |   248 |     4 ||   696
       Sticky Flame      |       |     4 |    27 |    71 |     2 ||   104
       Throw Flame       |       |     1 |     1 |     6 |       ||     8
       Conjure Flame     |       |       |     7 |     4 |       ||    11
       Fireball          |       |       |     1 |    93 |     4 ||    98
       Blink             |       |       |       |     1 |     1 ||     2
       Bolt of Draining  |       |       |       |     1 |       ||     1
Evoke: Wand              |       |       |       |     1 |       ||     1
  Use: Scroll            |       |       |    11 |    14 |     1 ||    26
       Potion            |       |       |       |       |     4 ||     4
  Eat: Chunk             |     4 |     5 |     7 |    24 |       ||    40
       Ration            |       |       |     3 |     1 |       ||     4
Armor: Robe              |     6 |     3 |    21 |    11 |       ||    41
Dodge: Dodged            |    18 |    16 |   108 |    69 |    38 ||   249
Block: Buckler           |     2 |     5 |    43 |    33 |    12 ||    95
       Rpst.: Falchion   |       |       |     8 |    15 |       ||    23
